 Dungeon Crawl Stone Soup version 0.15.2 (webtiles) character file.

739 HiobMontag the Gusty (level 8, -5/48 HPs)
             Began as a Halfling Air Elementalist on Dec 8, 2014.
             Slain by a yak (10 damage)
             ... on Level 4 of the Dungeon.
             The game lasted 00:35:48 (5587 turns).

HiobMontag the Gusty (Halfling Air Elementalist)    Turns: 5587, Time: 00:35:48

HP  -5/48        AC  2     Str  8      XL: 8   Next:  4%
MP   1/17        EV 16     Int 16      God:
Gold 208         SH  0     Dex 15      Spells:  4 memorised,  6 levels left

rFire  + . .     SeeInvis .     d - +0 short sword (elec)
rCold  . . .     Clarity  .     a - +0 robe
rNeg   . . .     rCorr    .     (no shield)
rPois  .         rRot     .     (no helmet)
rElec  .         Spirit   .     (no cloak)
SustAb .         Warding  .     (no gloves)
rMut   .         Stasis   .     (no boots)
Gourm  .                        t - amulet of rage
MR     .....                    m - ring of protection from fire
                                k - +4 ring of slaying

@: repel missiles, not resistant to hostile enchantments, unstealthy
A: mutation resistance 1
a: Evoke Berserk Rage


You were on level 4 of the Dungeon.
You were hungry.

You visited 1 branch of the dungeon, and saw 4 of its levels.

You collected 208 gold pieces.

Inventory:

Hand weapons
 d - a +0 short sword of electrocution (weapon)
 e - a +0 club
 r - a +3 hunting sling
Missiles
 f - 128 stones (quivered)
Armour
 a - a +0 robe (worn)
Comestibles
 c - 3 bread rations
 g - a chunk of adder flesh
 h - 2 meat rations
Scrolls
 j - a scroll of amnesia {unknown}
 n - a scroll of blinking
 o - a scroll of remove curse {unknown}
 p - 2 scrolls of fog {unknown}
 s - a scroll of enchant armour {unknown}
Jewellery
 k - a +4 ring of slaying (left hand)
 l - an uncursed ring of stealth {unknown}
 m - a ring of protection from fire (right hand)
 q - an uncursed ring of magical power {unknown}
 t - an amulet of rage (around neck)
Books
 b - a book of Air

   Spells                             Type                      Level
   *Shock                             Conjuration/Air              1
   *Swiftness                         Charms/Air                   2
   *Repel Missiles                    Charms/Air                   2
   Flight                             Charms/Air                   3
   *Static Discharge                  Conjuration/Air              3
   Lightning Bolt                     Conjuration/Air              5


   Skills:
 + Level 1.0 Fighting
 + Level 1.1 Short Blades
 + Level 1.0 Throwing
 + Level 3.7 Dodging
 + Level 2.7 Stealth
 + Level 3.7 Spellcasting
 + Level 3.0 Conjurations
 + Level 5.6 Air Magic


You had 6 spell levels left.
You knew the following spells:

 Your Spells              Type           Power        Failure   Level  Hunger
a - Shock                 Conj/Air       ###.         3%          1    None
b - Repel Missiles        Chrm/Air       ##....       10%         2    ##.....
c - Swiftness             Chrm/Air       ##......     10%         2    ##.....
d - Static Discharge      Conj/Air       ###.....     12%         3    ###....


Dungeon Overview and Level Annotations

Branches:
Dungeon (4/15)
 Temple: D:4-7

Altars:
Fedhas
Vehumet

Annotations:
D:4 Eustachio


Innate Abilities, Weirdness & Mutations

You are small and have problems with some larger weapons.
You are somewhat resistant to further mutation.


Message History

Eustachio screams, "This atrocity can only be purified with blood!"
Casting: Shock
Confirm with . or Enter, or press ? or * to list all spells.
Aiming: Shock
Press: ? - help, Shift-Dir - straight line, f/p - yak
Aim: a yak (heavily wounded)
The zap hits the yak.
The yak is heavily wounded.
Eustachio mumbles some strange words.
Eustachio blinks!
The yak gores you.
* * * LOW HITPOINT WARNING * * *
You see here a runed halberd.
Fire/throw which item? (* to show all) (? for menu, Esc to quit)
Press: ? - help, Shift-Dir - straight line, f/p - yak
Aim: a yak (heavily wounded)
You throw a throwing net.
The throwing net closely misses the yak.
The yak closely misses you. The yak gores you!
You die...

#..#.##.##...........#
#....##'##....)....[.#
#..........#.........#
#..........#.........#
#..........###########
#..........#
#..........#
#..........########
###..##.##...@....#
##.##.##...)Y...#
#.##.##........# #.
#.##......).######
#.##.......).....#
#.#####..........####
. #.....).).....#
#.....(.).....#
####### . .
#########.....#


You could see a yak.

Vanquished Creatures
  3 yaks (D:4)
  Sigmund (D:3)
  A centaur skeleton (D:4)
  An orc priest (D:4)
  4 worker ants (D:4)
  2 orc wizards (D:4)
  The ghost of SaintRoka the Ruffian, a weakling NaTm (D:3)
  4 gnolls (D:4)
  6 adders
  A green rat (D:4)
  A giant mite (D:3)
  2 worms
  An orc skeleton (D:4)
  4 giant geckos
  4 orcs
  11 bats
  5 giant cockroaches
  9 goblins
  14 hobgoblins
  2 jackals (D:2)
  A quokka (D:4)
  2 ball pythons
  2 giant newts
  A giant spore (D:4)
  10 kobolds
  11 rats
104 creatures vanquished.

Notes
Turn   | Place    | Note
--------------------------------------------------------------
     0 | D:1      | HiobMontag, the Halfling Air Elementalist, began the quest for the Orb.
     0 | D:1      | Reached XP level 1. HP: 11/11 MP: 2/2
   350 | D:1      | Reached XP level 2. HP: 17/17 MP: 0/3
   714 | D:1      | Learned a level 2 spell: Repel Missiles
  1054 | D:1      | Reached XP level 3. HP: 14/21 MP: 0/5
  1155 | D:1      | Learned a level 2 spell: Swiftness
  1338 | D:2      | Reached skill level 4 in Air Magic
  1716 | D:2      | Reached XP level 4. HP: 7/27 MP: 0/7
  2159 | D:2      | Reached skill level 1 in Throwing
  2792 | D:3      | Noticed SaintRoka's ghost (weakling NaTm)
  2811 | D:3      | ghost
  2974 | D:3      | Noticed Sigmund
  3149 | D:3      | Killed Sigmund
  3149 | D:3      | Reached skill level 1 in Conjurations
  3149 | D:3      | Reached XP level 5. HP: 27/32 MP: 1/9
  3286 | D:3      | Killed SaintRoka's ghost
  3423 | D:3      | Learned a level 3 spell: Static Discharge
  3625 | D:3      | Reached XP level 6. HP: 37/37 MP: 5/11
  4117 | D:4      | Found a radiant altar of Vehumet.
  4214 | D:4      | Reached skill level 5 in Air Magic
  4652 | D:4      | Reached XP level 7. HP: 40/42 MP: 3/15
  4823 | D:4      | Found a blossoming altar of Fedhas.
  5457 | D:4      | Noticed Eustachio
  5458 | D:4      | Noticed a yak
  5466 | D:4      | Noticed a yak
  5466 | D:4      | Noticed a yak
  5469 | D:4      | Noticed a yak
  5504 | D:4      | Killed a yak
  5504 | D:4      | Reached skill level 1 in Fighting
  5505 | D:4      | Killed a yak
  5505 | D:4      | Reached skill level 1 in Short Blades
  5549 | D:4      | Killed a yak
  5549 | D:4      | Reached XP level 8. HP: 18/48 MP: 1/17
  5587 | D:4      | Slain by a yak

Action                   |  1- 3 |  4- 6 |  7- 9 || total
-------------------------+-------+-------+-------++-------
Melee: Unarmed           |    10 |       |       ||    10
       Short sword       |       |    21 |    36 ||    57
Throw: Stone             |    41 |     2 |     1 ||    44
       Throwing net      |       |       |     1 ||     1
 Cast: Shock             |    65 |   148 |    49 ||   262
       Repel Missiles    |     1 |       |       ||     1
       Swiftness         |     1 |     1 |       ||     2
       Static Discharge  |       |     7 |     4 ||    11
  Use: Potion            |     1 |     1 |     2 ||     4
       Scroll            |     1 |     7 |       ||     8
 Stab: Sleeping          |       |     1 |       ||     1
  Eat: Chunk             |     3 |    12 |     3 ||    18
